 Dungeon Crawl Stone Soup version 0.27-a0-1219-g958d993ae5 (webtiles) character file.

Game seed: 205146298932787508

15 Bjuglez the Chopper (level 2, 0/24 HPs)
             Began as a Human Berserker on June 7, 2021.
             Was a Follower of Trog.
             Succumbed to an adder's poison
             ... on level 2 of the Dungeon.
             The game lasted 00:05:09 (604 turns).

Bjuglez the Chopper (Human Berserker)                Turns: 604, Time: 00:05:09

Health: 0/24       AC:  2    Str: 17    XL:     2   Next: 65%
Magic:  2/2        EV: 12    Int:  7    God:    Trog [*.....]
Gold:   37         SH:  0    Dex: 12    Spells: 1/1 levels left

rFire    . . .     SeeInvis .   e - +0 dagger
rCold    . . .     Faith    .   (no shield)
rNeg     . . .     Spirit   .   b - +0 animal skin
rPois    .         Reflect  .   (no helmet)
rElec    .         Harm     .   (no cloak)
rCorr    .         Rampage  .   (no gloves)
Will     .....                  (no boots)
Stlth    +.........             (no amulet)
HPRegen  0.08/turn              (no ring)
MPRegen  0.08/turn              (no ring)

@: lethally poisoned (0 -> -9)
A: no striking features
a: Renounce Religion, Berserk


You were on level 2 of the Dungeon.
You worshipped Trog.
Trog was aware of your devotion.
You visited 1 branch of the dungeon, and saw 2 of its levels.

You collected 37 gold pieces.

Inventory:

Hand Weapons
 a - a +0 hand axe
 e - a +0 dagger (weapon)
Armour
 b - a +0 animal skin (worn)
Scrolls
 d - a scroll of amnesia {unknown}
Potions
 c - a potion of mutation {unknown}


   Skills:
 + Level 3.2 Fighting
 + Level 3.5 Axes
 + Level 2.0 Armour
 + Level 2.1 Dodging


You had one spell level left.
You didn't know any spells.
Your spell library was empty.

Dungeon Overview and Level Annotations

Branches:
Dungeon (2/15)

Altars:


Message History

You hit the quokka but do no damage. The quokka barely misses you.
You hit the quokka.
The quokka is lightly wounded.
The adder closely misses you.
The quokka bites you but does no damage.
The ball python barely misses you. The ball python grabs you.
The ball python constricts you.
You hit the quokka.
The quokka is severely wounded.
The adder closely misses you. The quokka bites you. The ball python bites you.
The ball python constricts you. The adder bites you.
You hit the quokka.
You kill the quokka!
Trog accepts your kill. The ball python bites you.
The ball python constricts you. The adder bites you.
You are poisoned.
The adder poisons you!
You closely miss the adder.
You feel sick. The adder completely misses you. The ball python misses you.
The ball python constricts you.
You hit the adder.
The adder is moderately wounded.
You feel sick. The adder misses you. The ball python closely misses you.
* * * LOW HITPOINT WARNING * * *
The ball python constricts you.
You hit the adder but do no damage.
The adder is moderately wounded.
You feel sick. The adder bites you but does no damage.
The ball python bites you but does no damage.
* * * LOW HITPOINT WARNING * * *
The ball python constricts you. The adder bites you.
* * * LOW HITPOINT WARNING * * *
You are more poisoned.
The adder poisons you! The ball python closely misses you.
The ball python constricts you.
Unknown command.
Unknown command.
Unknown command.
Unknown command.
You escape the ball python's grasp.
You die...

#S#..... .$
#.#.#..##....
#<..#.... ... #
#.###.#.##.#
##.#.....#....#
#.............##
#...............
#.........S$#.#
#........@....#
#........S##..#
...........#
....
....#########
...# .... ..# .#
#


You could see an adder and a ball python.

Vanquished Creatures
  A dart slug (D:1)
  2 hobgoblins (D:1)
  4 jackals (D:1)
  A quokka (D:2)
  2 frilled lizards (D:1)
  2 kobolds (D:1)
12 creatures vanquished.

Vanquished Creatures (others)
  4 plants (D:1)
4 creatures vanquished.

Grand Total: 16 creatures vanquished

Notes
Turn   | Place    | Note
-------+----------+-------------------------------------------
     0 | D:1      | Bjuglez the Human Berserker began the quest for the Orb.
     0 | D:1      | Reached XP level 1. HP: 18/18 MP: 1/1
   145 | D:1      | Reached XP level 2. HP: 6/24 MP: 2/2
   604 | D:2      | Succumbed to an adder's poison

Illustrated notes

Levels and vault maps discovered:
D:1:      ncdulo_lavacross, layout_loops_ring, chequers_ecumenical_altar_lobes
D:2:      layout_basic, minmay_hexomino_r4

Action                   || total
-------------------------++-------
Melee: Hand axe          ||    20
       Dagger            ||    46
Invok: Berserk           ||     1
  Use: Potion            ||     1
Armor: Animal skin       ||    14
Dodge: Dodged            ||    51

Table legend: (Time is in decaauts)
 A = Elapsed time spent in this place.
 B = Non-inter-level travel time spent in this place.
 C = Inter-level travel time spent in this place.
 D = Time resting spent in this place.
 E = Time spent auto-exploring this place.
 F = Levels seen in this place.
 G = Mean time per level.
                   A        B        C        D        E       F      G
               +--------+--------+--------+--------+--------+-----+--------+
         Total |    617 |    617 |      0 |      0 |      0 |   2 |  308.5 |
       Dungeon |    617 |    617 |      0 |      0 |      0 |   2 |  308.5 |
               +--------+--------+--------+--------+--------+-----+--------+

Top non-repeatable levels by time:
     D:1: 600 daAuts
     D:2: 17 daAuts
